 Dungeon Crawl Stone Soup version 0.17.1-3-g152610e (webtiles) character file.

99075 DanteCalvez the Bewitcher (level 15, -3/117 HPs)
             Began as a Vampire Enchanter on Apr 18, 2016.
             Was the Champion of Dithmenos.
             Killed from afar by a catoblepas (4 damage)
             ... with a blast of calcifying dust
             ... on level 15 of the Dungeon.
             The game lasted 01:57:20 (29463 turns).

DanteCalvez the Bewitcher (Vampire Enchanter)      Turns: 29463, Time: 01:57:20

Health: -3/117     AC:  0    Str:  3    XL:     15   Next: 76%
Magic:  6/28       EV:  5    Int: 24    God:    Dithmenos [******]
Gold:   693        SH:  0    Dex: 21    Spells: 6 memorised, 6 levels left

rFire  . . .     SeeInvis +     (weapon currently unavailable)
rCold  + + .     Clarity  +     (armour currently unavailable)
rNeg   + + +     SustAt   .     (shield currently unavailable)
rPois  ∞         Gourm    .     (helmet currently unavailable)
rElec  .         Spirit   .     (cloak currently unavailable)
rCorr  .         Warding  .     (gloves currently unavailable)
rMut   .         Stasis   .     (boots currently unavailable)
MR     ++++.                    z - amulet of the Four Winds {Clar rN+ MR+++}
Stlth  ++++++++++               (ring currently unavailable)
                                (ring currently unavailable)

@: bat-form, petrified, flying, regenerating slowly, wreathed by umbra, very
quick, incredibly resistant to hostile enchantments, uncannily stealthy
A: (fangs 0), (talons 0), see invisible, clever 1, high mp 1, (unbreathing)
a: End Transformation, Shadow Step, Shadow Form, Renounce Religion


You were on level 15 of the Dungeon.
You worshipped Dithmenos.
Dithmenos was exalted by your worship.
You were near bloodless.
You were in vampire-bat-form.
You visited 2 branches of the dungeon, and saw 23 of its levels.
You also visited: Labyrinth.

You collected 1835 gold pieces.
You spent 1142 gold pieces at shops.


Innate Abilities, Weirdness & Mutations

You heal slowly.
((You have razor-sharp teeth.))
You have supernaturally acute eyesight.
((You can survive without breathing.))
((You have sharp toenails.))
Your mind is acute. (Int +2)
You have an increased reservoir of magic (+10% MP).


   Skills:
 + Level 10.5 Fighting
 - Level 14.4 Short Blades
 + Level 4.7 Armour
 + Level 7.2 Dodging
 + Level 16.8 Stealth
 - Level 5.3 Shields
 + Level 6.9 Spellcasting
 + Level 18.3 Hexes
 - Level 6.0 Charms
 - Level 4.0 Translocations


You had 6 spell levels left.
You knew the following spells:

 Your Spells              Type           Power        Failure   Level  Hunger
a - Invisibility          Hex            #######.     1%          6    ######.
b - Blink                 Tloc           N/A          1%          2    None
c - Mass Confusion        Hex            #######...   1%          6    ######.
d - Dazzling Spray        Conj/Hex       ######..     1%          3    None
r - Repel Missiles        Chrm/Air       ###...       3%          2    None
s - Ensorcelled Hibernat  Hex/Ice        ######       1%          2    None

Inventory:

Hand Weapons
 a - a +2 dagger of electrocution
 b - the +5 blowgun "Spiderslayer" {speed, rElec rN+ Dex+2} Attacks with this weapon are significantly faster. It affects your dexterity (+2). It insulates you from electricity. It protects you from negative energy.
 f - a +1 demon blade of electrocution
 N - the +3 rapier of Tidext (melded) {pierce, Int+5}

   It inflicts extra damage upon your enemies.
   It affects your intelligence (+5).
Missiles
 x - 3 throwing nets {=f}
Armour
 i - a +1 pair of gloves (melded)
 p - the +0 buckler "Gem Uku" (melded) {MR+ SInv}

   It affects your resistance to hostile enchantments.
   It lets you see invisible.
 v - a +2 pair of boots of stealth (melded)
 C - a +2 leather armour of magic resistance (melded)
 Q - a +0 hat of magic resistance (melded)
 X - a +0 cloak (melded)
Jewellery
 m - an uncursed ring of protection from magic
 o - a +5 ring of evasion (melded)
 u - an uncursed ring of wizardry {unknown}
 y - a +4 ring of intelligence (melded)
 z - the amulet of the Four Winds (around neck) {Clar rN+ MR+++}

   [amulet of clarity]

   It provides mental clarity.
   It protects you from negative energy.
   It affects your resistance to hostile enchantments.
 E - an uncursed amulet of resist corrosion
 P - an uncursed ring of ice
Scrolls
 c - 2 scrolls of magic mapping
 d - a scroll of torment {unknown}
 e - a scroll of recharging
 h - 5 scrolls of fear
 j - a scroll of remove curse
 n - 4 scrolls of fog
 r - 2 scrolls of identify {@r1}
 t - 6 scrolls of enchant weapon {unknown}
 A - 3 scrolls of teleportation {@r4}
 H - 2 scrolls of vulnerability {!r}
 S - a scroll of blinking
Potions
 g - 3 potions of brilliance
 k - 9 potions of curing {@q1}
 q - 14 potions of blood {@q4}
 s - a potion of resistance
 w - 2 potions of heal wounds {@q2}
 D - 3 potions of magic
Miscellaneous
 l - a sack of spiders

Dungeon Overview and Level Annotations

Branches:
Dungeon (15/15)            Temple (0/1) D:7            Lair (8/8) D:8
 Shoals (0/4) Lair:3       Spider (0/4) Lair:5        Slime (0/6) Lair:7
    Orc (0/4) D:9          Vaults (0/5) D:13         Depths (0/5) D:15

Altars:
Ashenzari
Cheibriados
Dithmenos
Elyvilon
Fedhas
Makhleb
Nemelex Xobeh
Okawaru
Qazlal
Ru
Trog
The Shining One

Shops:
D:8 *   D:13 :   D:14 (

Annotations:
D:13 Norris

#)##.###..##..#........####.#.#
#.÷#(....#..................#.#
##.#####.#.....(..#.##.##..##.#
.........#)....#.##§##§#......#
###.######.#(#.#.##§##.#..^.###
#.....##.#.#.#)##§##.#.....#
##....##.#.#.#.##§##.#####.###
#....##.#.#.#Y##§##.. ...
####....##.#.#.#b##Y########.####
...............#§§§..............
####.#####.#.####§#######.#.#####
####.#####.......................
#.......####.####.#.#####.#.#.###
#.......# #.# #.#..........†#
#.......# #.# #.#.#.###.#.#.#
........# #.# #.#......†....#
######.## .# #.#.#.#.#.#.###


You could see a catoblepas.


Message History

Things that are here:
a longbow of freezing; 7 arrows The catoblepas breathes a plume of calcifying dust at you.
The blast of calcifying dust hits you!
* * * LOW HITPOINT WARNING * * *
You are engulfed in calcifying dust.
You are slowing down.
You are engulfed in calcifying dust.
Your limbs have turned to stone.
You have turned to stone.
You are engulfed in calcifying dust. x3
The catoblepas breathes a plume of calcifying dust at you.
The blast of calcifying dust hits you!
* * * LOW HITPOINT WARNING * * *
You are engulfed in calcifying dust.
The catoblepas breathes a plume of calcifying dust at you.
The blast of calcifying dust hits you!
* * * LOW HITPOINT WARNING * * *
The catoblepas breathes a plume of calcifying dust at you.
The blast of calcifying dust hits you!
* * * LOW HITPOINT WARNING * * *
You are engulfed in calcifying dust.
You are engulfed in calcifying dust.
The catoblepas gores you!!
* * * LOW HITPOINT WARNING * * *
You emit a cloud of dark smoke.
You are engulfed in calcifying dust.
The catoblepas gores you.
* * * LOW HITPOINT WARNING * * *
You are engulfed in calcifying dust.
The catoblepas breathes a plume of calcifying dust at you.
The blast of calcifying dust hits you!
You die...

Action                   |  1- 3 |  4- 6 |  7- 9 | 10-12 | 13-15 || total
-------------------------+-------+-------+-------+-------+-------++-------
Melee: Dagger            |    71 |    85 |   340 |   395 |   515 ||  1406
       Rapier            |       |       |       |       |   852 ||   852
 Cast: Ensorcelled Hiber |     2 |    39 |    70 |    73 |   231 ||   415
       Confuse           |       |     3 |    15 |    41 |    23 ||    82
       Dazzling Spray    |       |       |       |     4 |    61 ||    65
       Mass Confusion    |       |       |       |       |    45 ||    45
       Invisibility      |       |       |       |       |     2 ||     2
 Abil: Bat Form          |       |       |     1 |     4 |    11 ||    16
       End Transformatio |       |       |     1 |     4 |    10 ||    15
  Use: Scroll            |     1 |       |     3 |    10 |    15 ||    29
       Potion            |       |     1 |    11 |     5 |    32 ||    49
 Stab: Sleeping          |    21 |    33 |    87 |   125 |   279 ||   545
       Confused          |       |     1 |     3 |    19 |    39 ||    62
       Distracted        |       |       |     2 |       |     4 ||     6
       Invisible         |       |       |       |     1 |    35 ||    36

Vault maps used:
D:1:      dpeg_arrival_long_road
D:2:      kennysheep_six_static_rooms, grunt_temple_overflow_open
D:3:      lemuel_castle_with_subvaults, nicolae_overflow_hidden_temple,
          first_bread
D:4:      elyvilon_altar_3, nemelex_dance_club_becter
D:5:      black_bear_nest_2, lightli_temple_of_fire, fedhas_altar_fruit_tree
D:6:      marbit_many_paths
D:7:      minmay_temple_entry_from_below_a, uniq_pikel
D:8:      erik_lair_orcish_takeover, serial_shops, shop, uniq_gastronok
D:9:      david_orc_2, uniq_erolcha, uniq_prince_ribbit1, uniq_psyche
D:10:     basic_altar
D:11:     minmay_distorted_concentric_squares, basic_altar, hangedman_ranch,
          kennysheep_just_a_vault
D:13:     david_vaults_3, serial_shops, shop, zaba_anthell
D:14:     serial_shops, nicolae_shop_overgrown_old_shop, minmay_misc_feat_cross
D:15:     gammafunk_depths_entry_grave, serial_bayou_pond_a, st_stairs_13,
          spider_trap, minmay_stone_trees_medium
Lair:1:   uniq_erica
Lair:2:   serial_bayou_shore_b
Lair:3:   minmay_shoals_entry_beasts, grunt_megastairs_2
Lair:4:   lab_entry_generic, bh_autumn_forest_stairs
Lair:5:   nicolae_spider_entry_tight_spaces, st_stairs_3
Lair:6:   minivault_25, minivault_25, eino_house_with_fridge,
          lemuel_fruit_fields, lemuel_fruit_fields
Lair:7:   slime_dummy, grunt_megastairs_3, uniq_snorg
Lair:8:   guppyfry_lair_end_dragon, wormcave, kennysheep_basilisk_garden,
          lemuel_fruit_fields, lemuel_fruit_tree, lemuel_fruit_fields
Lab:      nicolae_lab_quarters, labyrinth_fake_exit, labyrinth_lava_lair,
          nicolae_lab_hexagon

Notes
Turn   | Place    | Note
--------------------------------------------------------------
     0 | D:1      | DanteCalvez the Vampire Enchanter began the quest for the Orb.
     0 | D:1      | Reached XP level 1. HP: 13/13 MP: 3/3
   187 | D:1      | Reached XP level 2. HP: 19/19 MP: 5/5
   353 | D:1      | Reached skill level 5 in Stealth
   357 | D:1      | Learned a level 2 spell: Ensorcelled Hibernation
   828 | D:2      | Reached XP level 3. HP: 24/24 MP: 4/7
  1034 | D:2      | Found a shadowy altar of Dithmenos.
  1037 | D:2      | Found a sacrificial altar of Ru.
  1039 | D:2      | Found a sparkling altar of Nemelex Xobeh.
  1052 | D:2      | Became a worshipper of Dithmenos the Shadowed
  1116 | D:2      | Reached skill level 5 in Hexes
  1240 | D:2      | Reached XP level 4. HP: 30/30 MP: 8/8
  1259 | D:2      | Reached skill level 3 in Spellcasting
  1294 | D:2      | Reached skill level 6 in Stealth
  2133 | D:3      | Reached XP level 5. HP: 35/35 MP: 0/10
  2257 | D:3      | Found an iron altar of Okawaru.
  2257 | D:3      | Found a shattered altar of Ashenzari.
  2258 | D:3      | Found a bloodstained altar of Trog.
  2298 | D:3      | Noticed an orc warrior
  2307 | D:3      | Killed an orc warrior
  2307 | D:3      | Reached skill level 7 in Stealth
  2307 | D:3      | Reached skill level 4 in Spellcasting
  2307 | D:3      | Reached skill level 6 in Hexes
  2307 | D:3      | Reached XP level 6. HP: 39/41 MP: 6/12
  2429 | D:3      | Reached * piety under Dithmenos
  2637 | D:2      | Learned a level 3 spell: Confuse
  2641 | D:2      | Learned a level 3 spell: Dazzling Spray
  2943 | D:3      | Reached skill level 7 in Hexes
  3043 | D:3      | Reached skill level 8 in Stealth
  3048 | D:3      | Reached XP level 7. HP: 46/46 MP: 2/13
  3443 | D:3      | Reached ** piety under Dithmenos
  3454 | D:3      | Reached skill level 5 in Spellcasting
  3481 | D:3      | Noticed an eye of draining
  3503 | D:3      | Reached skill level 9 in Stealth
  3645 | D:3      | Reached skill level 8 in Hexes
  3873 | D:3      | Noticed a phantom
  3882 | D:3      | Killed a phantom
  4042 | D:3      | Reached XP level 8. HP: 52/52 MP: 6/16
  4286 | D:4      | Found a white marble altar of Elyvilon.
  4395 | D:4      | Reached *** piety under Dithmenos
  4508 | D:4      | Found a sparkling altar of Nemelex Xobeh.
  4821 | D:5      | Entered Level 5 of the Dungeon
  4853 | D:5      | Reached skill level 9 in Hexes
  4879 | D:5      | Reached skill level 10 in Stealth
  4940 | D:5      | Got a shimmering scale mail
  5000 | D:5      | Reached skill level 6 in Spellcasting
  5154 | D:5      | Reached skill level 1 in Fighting
  5215 | D:5      | Found a burning altar of Makhleb.
  5328 | D:5      | Found a blossoming altar of Fedhas.
  5329 | D:5      | Reached skill level 2 in Short Blades
  5419 | D:6      | Reached skill level 10 in Hexes
  5490 | D:6      | Reached skill level 2 in Fighting
  5644 | D:6      | Found a snail-covered altar of Cheibriados.
  5645 | D:6      | Reached skill level 11 in Stealth
  5664 | D:6      | Identified the +0 scale mail "Vock" {rElec MP+9 Str-3 Dex+5} (You found it on level 5 of the Dungeon)
  5697 | D:6      | Gained mutation: You have sharp toenails. [potion of mutation]
  5697 | D:6      | Gained mutation: You have an increased reservoir of magic (+10% MP). [potion of mutation]
  5697 | D:6      | Gained mutation: Your mind is acute. (Int +2) [potion of mutation]
  6297 | D:7      | Reached XP level 9. HP: 61/61 MP: 19/19
  6307 | D:7      | Reached skill level 3 in Short Blades
  6346 | D:7      | Noticed Pikel
  6348 | D:7      | Reached **** piety under Dithmenos
  6362 | D:7      | Killed Pikel
  6362 | D:7      | Reached skill level 3 in Fighting
  6362 | D:7      | Reached skill level 4 in Short Blades
  6990 | D:7      | Reached skill level 11 in Hexes
  7112 | D:7      | Found a staircase to the Ecumenical Temple.
  7198 | D:7      | You fall through a shaft for 3 floors!
  7198 | D:10     | Entered Level 10 of the Dungeon
  7218 | D:10     | Reached skill level 12 in Stealth
  7312 | D:10     | Reached skill level 4 in Fighting
  7312 | D:10     | Reached skill level 5 in Short Blades
  7400 | D:10     | Got a smoking buckler
  7406 | D:10     | Identified the cursed +0 buckler "Gem Uku" {MR+ SInv} (You found it on level 10 of the Dungeon)
  7738 | D:10     | Found a stormy altar of Qazlal.
  7785 | D:10     | Reached skill level 1 in Shields
  7813 | D:10     | Reached XP level 10. HP: 70/73 MP: 9/20
  8100 | D:11     | Noticed a hill giant
  8103 | D:11     | Killed a hill giant
  8103 | D:11     | Reached skill level 2 in Shields
  8103 | D:11     | Reached skill level 12 in Hexes
  8306 | D:11     | Reached skill level 5 in Fighting
  8341 | D:11     | Reached skill level 3 in Shields
  8364 | D:11     | Noticed a three-headed hydra
  8368 | D:11     | Killed a three-headed hydra
  8451 | D:11     | Reached skill level 4 in Shields
  8453 | D:11     | Reached skill level 6 in Fighting
  8527 | D:11     | Found a glowing golden altar of the Shining One.
  8622 | D:11     | Noticed an unseen horror
  8630 | D:11     | Killed an unseen horror
  8630 | D:11     | Reached skill level 13 in Hexes
  8790 | D:11     | Noticed a cyclops
  8808 | D:11     | Reached XP level 11. HP: 73/83 MP: 9/22
  8862 | D:11     | Reached skill level 5 in Shields
  8975 | D:11     | Noticed a hill giant
  8980 | D:11     | Killed a hill giant
  8981 | D:11     | Noticed a manticore
  8994 | D:11     | Killed a manticore
  9045 | D:11     | Noticed an unseen horror
  9050 | D:11     | Killed an unseen horror
  9050 | D:11     | Reached skill level 7 in Fighting
  9050 | D:11     | Reached skill level 3 in Dodging
  9184 | D:11     | Noticed a tengu reaver
  9193 | D:11     | Killed a tengu reaver
  9193 | D:11     | Reached skill level 6 in Short Blades
  9193 | D:11     | Reached skill level 13 in Stealth
  9193 | D:11     | Reached skill level 14 in Hexes
  9518 | D:11     | Killed a cyclops
  9518 | D:11     | Reached skill level 4 in Dodging
  9646 | D:9      | Found a staircase to the Orcish Mines.
  9706 | D:9      | Noticed Prince Ribbit
  9713 | D:9      | Killed Prince Ribbit
  9779 | D:9      | Noticed Psyche
  9788 | D:9      | Killed Psyche
  9788 | D:9      | Reached ***** piety under Dithmenos
 10196 | D:9      | Noticed Erolcha
 10207 | D:9      | Killed Erolcha
 10454 | D:8      | Noticed Gastronok
 10475 | D:8      | Killed Gastronok
 10475 | D:8      | Reached skill level 8 in Fighting
 10475 | D:8      | Reached skill level 7 in Short Blades
 10475 | D:8      | Reached skill level 5 in Dodging
 10475 | D:8      | Reached skill level 14 in Stealth
 10475 | D:8      | Reached XP level 12. HP: 92/92 MP: 3/23
 10811 | D:8      | Found a staircase to the Lair.
 11195 | D:8      | Found Zyttiysk's General Store.
 11226 | D:8      | Bought 2 scrolls of teleportation for 78 gold pieces
 11226 | D:8      | Bought a scroll of identify for 26 gold pieces
 11226 | D:8      | Bought a scroll of identify for 26 gold pieces
 11525 | Lair:1   | Entered Level 1 of the Lair of Beasts
 11547 | Lair:1   | Noticed Erica
 11581 | Lair:1   | Killed Erica
 11694 | Lair:1   | Reached skill level 6 in Dodging
 11694 | Lair:1   | Reached skill level 15 in Hexes
 11838 | Lair:1   | Reached skill level 1 in Armour
 12651 | Lair:2   | Reached skill level 8 in Short Blades
 13274 | Lair:3   | Noticed a catoblepas
 13299 | Lair:3   | Killed a catoblepas
 13497 | Lair:3   | Reached skill level 15 in Stealth
 13516 | Lair:3   | Noticed a seven-headed hydra
 13527 | Lair:3   | Killed a seven-headed hydra
 13527 | Lair:3   | Reached skill level 2 in Armour
 13941 | Lair:3   | Found a staircase to the Shoals.
 13970 | Lair:3   | Reached ****** piety under Dithmenos
 14105 | Lair:3   | Noticed a four-headed hydra
 14111 | Lair:3   | Killed a four-headed hydra
 14111 | Lair:3   | Reached XP level 13. HP: 100/100 MP: 19/24
 14113 | Lair:3   | Reached skill level 9 in Fighting
 14479 | Lair:4   | Reached skill level 9 in Short Blades
 14538 | Lair:4   | Found a labyrinth entrance.
 14542 | Lair:4   | Reached skill level 3 in Armour
 14649 | Lab      | Entered a labyrinth
 14722 | Lab      | Found an exit through the horrors of the Abyss.
 14935 | Lab      | Found an exit through the horrors of the Abyss.
 16078 | Lab      | Got a serpentine bone amulet
 16094 | Lab      | Reached skill level 16 in Stealth
 16204 | Lair:4   | Identified the amulet of the Catamount {Spirit Str+4} (You found it in a labyrinth)
 16212 | Lair:4   | Learned a level 2 spell: Repel Missiles
 16215 | Lair:4   | Learned a level 2 spell: Blink
 17190 | Lair:5   | Reached skill level 1 in Charms
 17227 | Lair:5   | Found a hole to the Spider Nest.
 17292 | Lair:5   | Reached skill level 1 in Translocations
 17339 | Lair:5   | Reached skill level 16 in Hexes
 17351 | Lair:4   | Reached skill level 2 in Charms
 17997 | Lair:5   | Reached skill level 3 in Charms
 18199 | Lair:5   | Learned a level 6 spell: Mass Confusion
 18266 | Lair:5   | Reached skill level 2 in Translocations
 18337 | Lair:5   | Reached skill level 10 in Short Blades
 18590 | Lair:6   | Reached skill level 10 in Fighting
 18596 | Lair:6   | Reached skill level 4 in Charms
 18701 | Lair:6   | Got a bloodstained buckler
 18712 | Lair:6   | Identified the cursed -4 buckler of the Last Realms {Slay+3 Stlth+} (You found it on level 6 of the Lair of Beasts)
 19081 | Lair:6   | Got a dazzling rapier
 19082 | Lair:6   | Identified the cursed +3 rapier of Tidext {pierce, Int+5} (You found it on level 6 of the Lair of Beasts)
 19517 | Lair:7   | Reached skill level 3 in Translocations
 19547 | Lair:7   | Reached XP level 14. HP: 103/110 MP: 8/25
 19599 | Lair:7   | Noticed Snorg
 19606 | Lair:7   | Killed Snorg
 20011 | Lair:7   | Found a staircase to the Slime Pits.
 20172 | Lair:8   | Entered Level 8 of the Lair of Beasts
 20188 | Lair:8   | Reached skill level 17 in Hexes
 20267 | Lair:8   | Reached skill level 4 in Translocations
 20496 | Lair:8   | Reached skill level 11 in Short Blades
 20691 | Lair:8   | Reached skill level 5 in Charms
 21938 | Lair:8   | Reached skill level 6 in Charms
 22164 | Lair:8   | Reached skill level 12 in Short Blades
 22391 | Lair:8   | Found a runed door.
 23642 | D:12     | Reached skill level 13 in Short Blades
 24461 | D:13     | Found Vome's Book Boutique.
 24465 | D:13     | Bought a book of Party Tricks for 750 gold pieces
 24706 | Lair:2   | Learned a level 6 spell: Invisibility
 24894 | D:13     | Found a gate to the Vaults.
 24894 | D:13     | Noticed Donald
 24894 | D:13     | Noticed Norris
 24894 | D:13     | Noticed Rupert
 25041 | D:13     | Killed Donald
 25041 | D:13     | Reached XP level 15. HP: 115/115 MP: 18/26
 25113 | D:13     | Reached skill level 14 in Short Blades
 26887 | D:13     | Killed Rupert
 27105 | D:14     | Found Biumius's Antique Weapon Shoppe.
 27127 | D:14     | Bought a faintly glowing blowgun for 262 gold pieces
 27141 | D:14     | Identified the +5 blowgun "Spiderslayer" {speed, rElec rN+ Dex+2} (You bought it in a shop on level 14 of the Dungeon)
 27251 | D:14     | Reached skill level 18 in Hexes
 27295 | D:14     | Reached skill level 4 in Armour
 27712 | D:15     | Entered Level 15 of the Dungeon
 28203 | D:15     | Found a staircase to the Depths.
 28812 | D:15     | Reached skill level 7 in Dodging
 29461 | D:15     | HP: 2/117 [catoblepas (16)]
 29463 | D:15     | Killed from afar by a catoblepas

Vanquished Creatures
  Gastronok (D:8)
  A tengu reaver (D:11)
  Donald (D:13)
  Snorg (Lair:7)
  A minotaur (Lab)
  2 fire dragons
  An ogre mage (D:15)
  Erolcha (D:9)
  An ice dragon (Lair:8)
  A catoblepas (Lair:3)
  Erica (Lair:1)
  2 centaur warriors
  7 hydras
  A queen ant (D:13)
  7 death yaks
  A vampire mage (D:15)
  A titan skeleton (D:15)
  6 skeletal warriors
  5 unseen horrors
  A hill giant (shapeshifter) (D:13)
  4 hill giants
  Pikel (D:7)
  A lindwurm (Lair:8)
  A wolf spider zombie (D:15)
  2 ugly things
  3 cyclopes
  A griffon (Lair:3)
  A wizard (D:15)
  2 fire giant zombies (D:15)
  2 necromancers
  3 manticores
  7 black mambas
  10 elephants
  6 torpor snails
  Psyche (D:9)
  4 gargoyles
  12 spiny frogs
  An efreet (D:15)
  10 komodo dragons
  9 fire drakes
  2 kobold demonologists (D:12)
  4 trolls
  6 two-headed ogres
  Prince Ribbit (D:9)
  2 giant leeches (Lair:8)
  8 blink frogs
  A two-headed ogre (shapeshifter) (D:15)
  4 wraiths
  A shadow (D:11)
  A trapdoor spider zombie (D:12)
  A deep elf mage (D:12)
  A hungry ghost (D:9)
  A trapdoor spider (D:12)
  An ettin skeleton (D:15)
  16 humans
  2 wyverns
  58 yaks
  12 basilisks
  2 steam dragons (Lair:8)
  15 wolves
  3 mottled dragons
  10 hippogriffs
  3 wargs (D:8)
  6 vampire mosquitoes
  10 soldier ants (D:13)
  20 water moccasins
  12 porcupines
  8 orc warriors
  A swamp drake (Lair:8)
  4 phantoms
  An eye of draining (D:15)
  5 sky beasts
  2 black bears
  11 spiders (Lair:5)
  6 wasps
  2 necrophages
  An ice beast (D:8)
  A black bear (shapeshifter) (D:15)
  12 ogres
  2 centaurs
  14 crocodiles
  9 big kobolds
  An earth elemental (Lab)
  3 brain worms (Lair:8)
  A gnoll sergeant (D:3)
  5 scorpions
  15 giant frogs
  27 killer bees
  6 wights
  A spriggan skeleton (Lab)
  11 crimson imps
  A giant frog zombie (D:12)
  4 lava snakes (Lab)
  4 centaur skeletons
  4 jellies
  4 centaur zombies
  A gnoll shaman (D:3)
  8 orc priests
  9 hounds
  A giant frog skeleton (D:11)
  15 orc wizards
  8 iguanas
  2 polar bear simulacra (Lair:6)
  42 worker ants
  3 yak simulacra (Lair:6)
  19 sheep
  3 wolf simulacra (Lair:6)
  A hound zombie (D:10)
  A worker ant zombie (D:5)
  52 gnolls
  18 adders
  5 shadow imps
  50 river rats
  4 oozes
  20 worms
  2 adder skeletons
  An adder zombie (D:7)
  43 orcs
  6 bats
  7 giant cockroaches
  5 hobgoblins
  18 jackals
  20 kobolds
  5 quokkas
  A ball python (D:1)
  7 giant geckos
  A giant gecko skeleton (D:6)
  9 giant newts
  7 goblins
  6 rats
  3 river rat simulacra (Lair:6)
  2 butterflies
  2 fungi
  3 plants
903 creatures vanquished.

Vanquished Creatures (collateral kills)
  Rupert (D:13)
1 creature vanquished.

Vanquished Creatures (others)
  A slave (D:7)
  A necrophage (D:7)
  A giant frog (D:7)
  A wight (D:7)
  A shadow imp (D:7)
  A bush (Lair:8)
  22 fungi
  43 plants
71 creatures vanquished.

Grand Total: 975 creatures vanquished
